 Dungeon Crawl Stone Soup version 0.20.1-1-g8b1a95d (webtiles) character file.

35 equalderp2856 the Shield-Bearer (level 3, -2/33 HPs)
             Began as a Minotaur Fighter on July 29, 2017.
             Slain by Robin
             ... wielding a +1 falchion of electrocution
              (12 damage)
             ... on level 1 of the Dungeon.
             The game lasted 00:02:43 (1318 turns).

equalderp2856 the Shield-Bearer (Minotaur Fighter)  Turns: 1318, Time: 00:02:44

Health: -2/33      AC:  7    Str: 20    XL:     3   Next: 17%
Magic:  2/2        EV:  7    Int:  5    God:
Gold:   76         SH:  9    Dex: 10    Spells: 2/2 levels left

rFire    . . .     SeeInvis .   a - +0 war axe
rCold    . . .     Gourm    .   c - +0 shield
rNeg     . . .     Faith    .   b - +0 scale mail
rPois    .         Spirit   .   (helmet restricted)
rElec    .         Reflect  .   (no cloak)
rCorr    .         Harm     .   (no gloves)
MR       .....                  (no boots)
Stlth    ..........             (no amulet)
Regen    0.2/turn               (no ring)
MPRegen  0.1/turn               (no ring)

@: no status effects
A: retaliatory headbutt, horns 2
a: no special abilities


You were on level 1 of the Dungeon.
You were very hungry.

You visited 1 branch of the dungeon, and saw 3 of its levels.

You collected 76 gold pieces.

Inventory:

Hand Weapons
 a - a +0 war axe (weapon)
 k - a +2 spear of venom
Missiles
 j - 15 sling bullets
 l - 22 arrows
Armour
 b - a +0 scale mail (worn)
 c - a +0 shield (worn)
Scrolls
 e - a scroll of blinking {unknown}
 h - a scroll of fog {unknown}
Potions
 d - a potion of might
 i - a potion of magic {unknown}
 n - a potion of berserk rage {unknown}
 o - 2 potions of cancellation {unknown}
Comestibles
 f - 2 bread rations
 g - 2 royal jellies
 m - 3 fruits


   Skills:
 + Level 4.1 Fighting
 + Level 2.6 Axes
 + Level 4.1 Armour
 + Level 0.2 Dodging
 + Level 4.2 Shields


You had 2 spell levels left.
You didn't know any spells.

Dungeon Overview and Level Annotations

Branches:
Dungeon (3/15)

Altars:

Annotations:
D:1 Robin


Innate Abilities, Weirdness & Mutations

You reflexively headbutt those who attack you in melee.
You have a pair of horns on your head.


Message History

Robin hits you but does no damage.
You are electrocuted!
Ouch! That really hurt!
The hobgoblin hits you with a club.
* * * LOW HITPOINT WARNING * * *
You see here a rat corpse.
The hobgoblin hits you but does no damage.
Robin roars a battlecry!
The hobgoblin goes into a battle-frenzy!
You completely miss the hobgoblin.
The hobgoblin is severely wounded.
You block the hobgoblin's attack.
You barely miss the hobgoblin. You headbutt the hobgoblin.
You kill the hobgoblin!
Robin hits you with a falchion of electrocution.
* * * LOW HITPOINT WARNING * * *
There is an escape hatch in the ceiling here.
You block Robin's attack. A mysterious force pulls you upwards.
The hatch slams shut behind you. Robin hits you but does no damage.
You are electrocuted!
You die...

...............####......#..####.
..................'.........>....
.###.#########.####......#.#.#...
........######...............'...
.###.##.........###.####.#.#.#...
.# #.##.........# #..(...........
.###.##.........###.###..........
.....##........g.##.####.#.#'###.
.######........#@#.......#....##.
.....#####+#####.#.......#....##.
.....# #...# #..............##.
.....# #...# ##....÷...#....##.
.########...## #........#....##.
........÷....# #.......##....##.
.#########'### #.......##[...##.
.# #.# ##......##....... .# #.#
#...............


You could see Robin.

Vanquished Creatures
  A leopard gecko (D:1)
  3 bats (D:1)
  3 hobgoblins
  A kobold (D:2)
  3 frilled lizards
  12 goblins
  8 rats
31 creatures vanquished.

Notes
Turn   | Place    | Note
-------+----------+-------------------------------------------
     0 | D:1      | equalderp2856 the Minotaur Fighter began the quest for the Orb.
     0 | D:1      | Reached XP level 1. HP: 19/19 MP: 0/0
   294 | D:1      | Reached XP level 2. HP: 27/27 MP: 1/1
  1005 | D:2      | Noticed Robin
  1013 | D:2      | Reached XP level 3. HP: 8/33 MP: 2/2
  1318 | D:1      | Slain by Robin

Skill      XL: |  1  2 |
---------------+-------+-----
Shields        | 4 |  4.2
Armour         | 4 |  4.1
Fighting       | 4 |  4.1
Axes           | |  2.6
Dodging        | |  0.2

Action                   || total
-------------------------++-------
Melee: War axe           ||    45
       Headbutt          ||     2
Armor: Scale mail        ||    40
Dodge: Dodged            ||    26
Block: Shield            ||    38
